 Dungeon Crawl Stone Soup version 0.30.1-11-g7821555f0a (webtiles) character file.

Game seed: 15186590563325256496

4105 Peloso the Carver (level 10, -3/86 HPs)
             Began as a Minotaur Fighter on Dec 13, 2023.
             Was a Believer of Okawaru.
             Slain by a shadow (9 damage)
             ... on level 7 of the Dungeon.
             The game lasted 00:11:30 (6938 turns).

Peloso the Carver (Minotaur Fighter)                Turns: 6938, Time: 00:11:31

Health: -3/86      AC: 12    Str: 20    XL:     10   Next: 6%
Magic:  9/9        EV:  9    Int:  5    God:    Okawaru [**....]
Gold:   328        SH:  5    Dex: 15    Spells: 9/9 levels left

rFire   . . .        a - +2 scimitar (flame)
rCold   . . .        d - +0 buckler
rNeg    . . .        L - +0 chain mail
rPois   .            (helmet restricted)
rElec   .            h - +0 cloak
rCorr   .            (no gloves)
SInv    .            (no boots)
Will    .....        y - amulet of regeneration Stlth
                     (no ring)
HPRegen 1.14/turn    (no ring)
MPRegen 0.11/turn

%: no passive effects
@: lethally poisoned (-3 -> -3)
A: horns 2, retaliatory headbutt
a: Renounce Religion, Heroism


You were on level 7 of the Dungeon.
You worshipped Okawaru.
Okawaru was pleased with you.
You visited 1 branch of the dungeon, and saw 7 of its levels.

You collected 390 gold pieces.
You spent 62 gold pieces at shops.

Inventory:

Hand Weapons
 a - a +2 scimitar of flaming (weapon)
 b - a +4 trident of flaming
 c - the +9 flail of Kismet {heavy, Int+3}
   (You found it on level 6 of the Dungeon)

   Int:       It affects your intelligence (+3).
Armour
 d - a +0 buckler (worn)
 h - a +0 cloak (worn)
 L - a +0 chain mail (worn)
Jewellery
 j - a ring of see invisible
 y - an amulet of regeneration (around neck)
 A - an amulet of magic regeneration
 G - the ring of Isiaduob {rN+ Int+5}
   (You found it on level 5 of the Dungeon)

   [ring of positive energy]

   Int:       It affects your intelligence (+5).
   rN:        It protects you from negative energy.
Wands
 r - a wand of digging (4)
 w - a wand of paralysis (3)
 B - a wand of iceblast (2)
 I - a wand of polymorph (5)
 M - a wand of quicksilver (7)
Scrolls
 f - 3 scrolls of immolation
 g - 2 scrolls of fog
 i - 2 scrolls of teleportation
 k - 3 scrolls of enchant armour {unknown}
 l - a scroll of acquirement
 n - a scroll of noise {unknown}
 s - 2 scrolls of fear {unknown}
 t - 3 scrolls of magic mapping {unknown}
 D - a scroll of enchant weapon {unknown}
 F - 2 scrolls of amnesia
 J - a scroll of blinking {unknown}
Potions
 e - 2 potions of might
 m - a potion of brilliance
 o - a potion of ambrosia {unknown}
 q - 3 potions of heal wounds
 u - 4 potions of cancellation
 v - a potion of resistance
 x - 2 potions of mutation
 z - a potion of berserk rage {unknown}
 C - a potion of magic {unknown}
 E - 2 potions of curing
 H - 3 potions of flight {unknown}
 K - 2 potions of lignification {unknown}


   Skills:
 + Level 7.5 Fighting
 + Level 12.2 Long Blades
 + Level 9.2 Armour
 + Level 3.3 Dodging
 + Level 1.3 Stealth
 + Level 5.7 Shields
 + Level 0.6 Evocations


You had 9 spell levels left.
You didn't know any spells.
Your spell library was empty.

Dungeon Overview and Level Annotations

Branches:
Dungeon (7/15)             Temple (0/1) D:6

Altars:
Cheibriados
Okawaru
Qazlal
Ru
Vehumet

Shops:
D:2 !   D:3 *


Innate Abilities, Weirdness & Mutations

You have a pair of horns on your head.
You reflexively headbutt those who attack you in melee.


Message History

The shadow attacks as you move away! The shadow hits you.
You feel sick. The gnoll sergeant closely misses you.
The shadow slips into darkness.
The shadow flickers and vanishes!
Deactivating autopickup; reactivate with Ctrl-A.
There is an open door, spattered with blood here.
You see here a bullfrog corpse.
You slash the iguana! You burn the iguana.
The iguana is almost dead.
You feel sick. The iguana closely misses you.
The gnoll sergeant hits you from afar with a +0 trident!
Unknown command.
You slice the iguana!! You burn the iguana.
You kill the iguana!
Okawaru accepts your kill.
You feel sick. The gnoll sergeant misses you.
Unknown command.
You hit something. You burn something.
You feel sick.
The shadow strikes at you from the darkness!
Reactivating autopickup.
The gnoll sergeant hits you from afar with a +0 trident.
Unknown command.
You hit the shadow. You burn the shadow. Your headbutt misses the shadow.
The shadow is moderately damaged.
You feel sick.
The shadow slips into darkness.
The shadow flickers and vanishes!
Deactivating autopickup; reactivate with Ctrl-A.
Unknown command.
You closely miss something.
You feel sick.
The gnoll sergeant hits you but does no damage.
The shadow strikes at you from the darkness!
* * * LOW HITPOINT WARNING * * *
Reactivating autopickup.
You barely miss the shadow. Your headbutt misses the shadow.
The shadow is moderately damaged.
You feel sick.
An iguana comes into view.
You block the gnoll sergeant's attack. The shadow hits you!
You die...

.......# ... #.#..#.+. .#####.#
.l. #.####.#. .......# #.#
#........ ..###### ♣♣♣♣♣o♣♣♣♣♣
#######.# ).#.. ♣♣♣.........♣♣♣
♣...#.# ..#.♣
...............#♣♣♣♣.#.# ).#.♣
♣...S5g...♣ #.....#.# ..#.♣ ♣W♣
#.♣♣♣♣#.# ..#.♣
##@########.....#.# .)#.♣♣♣.#
#...#.....#♣♣♣♣.#.# ..#.....♣
♣♣♣.♣.))♣.♣♣♣.♣.....#.#
.†)..♣...♣♣...'>8<'.♣ ♣..)♣♣♣))..
..#.....♣♣♣♣♣.♣...♣.♣♣♣.♣.....#.#
..#.♣♣♣.# ...#...#.....#♣♣♣♣.#.#
..#.♣ # ### ##+########.....#.#
..#.♣ #.♣♣♣♣#.# ..#.♣ #.....#.#


You could see a water moccasin, a gnoll sergeant, a shadow, an iguana
(wandering), a shadow imp and an orc.

Vanquished Creatures
  Pikel (D:6)
  Maggie (D:6)
  A steam dragon (D:7)
  3 water moccasins
  An ice beast (D:5)
  An orc warrior (D:5)
  2 sky beasts
  A centaur (D:7)
  2 ogres
  A lemure (D:6)
  A phantom (D:7)
  6 bullfrogs
  A kobold brigand (D:7)
  Blork the orc (D:4)
  A gnoll sergeant (D:5)
  6 scorpions
  5 wights (D:7)
  5 killer bees
  2 hounds
  3 orc priests
  3 jellies
  2 sleepcaps (D:7)
  8 iguanas
  4 orc wizards
  8 adders
  3 shadow imps
  A white imp (D:7)
  2 ufetubi (D:6)
  3 worms
  5 dart slugs
  13 orcs
  4 ball pythons
  12 endoplasms
  A giant cockroach (D:1)
  3 goblins
  2 hobgoblins
  6 jackals
  11 kobolds
  4 quokkas
  7 bats
  6 frilled lizards
  7 rats
160 creatures vanquished.

Vanquished Creatures (others)
  A kobold (D:7)
1 creature vanquished.

Grand Total: 161 creatures vanquished

Notes
Turn   | Place    | Note
-------+----------+-------------------------------------------
     0 | D:1      | Peloso the Minotaur Fighter began the quest for the Orb.
     0 | D:1      | Reached XP level 1. HP: 19/19 MP: 0/0
   284 | D:1      | Reached XP level 2. HP: 22/27 MP: 1/1
   614 | D:1      | Reached XP level 3. HP: 33/33 MP: 2/2
   702 | D:1      | Reached skill level 3 in Long Blades
  1243 | D:2      | Found Usosm's Distillery.
  1250 | D:2      | Bought a potion of degeneration for 14 gold pieces
  1544 | D:3      | Reached XP level 4. HP: 32/41 MP: 3/3
  1671 | D:4      | Reached skill level 4 in Long Blades
  2067 | D:3      | Found a faded altar of an unknown god.
  2281 | D:3      | Found Naceusig's Assorted Antiques.
  2284 | D:3      | Bought a yellow potion for 24 gold pieces
  2284 | D:3      | Bought a lumpy sapphire potion for 24 gold pieces
  2369 | D:3      | Reached XP level 5. HP: 47/47 MP: 4/4
  2519 | D:3      | Reached skill level 1 in Dodging
  2783 | D:4      | Found a radiant altar of Vehumet.
  2811 | D:4      | Noticed Blork the orc
  2818 | D:4      | Killed Blork the orc
  2819 | D:4      | Reached skill level 5 in Long Blades
  2819 | D:4      | Reached skill level 5 in Armour
  2819 | D:4      | Reached XP level 6. HP: 41/53 MP: 5/5
  3675 | D:5      | Entered Level 5 of the Dungeon
  3694 | D:5      | Noticed an ice beast
  3708 | D:5      | Killed an ice beast
  3709 | D:5      | Reached skill level 6 in Long Blades
  3709 | D:5      | Reached XP level 7. HP: 55/60 MP: 6/6
  3798 | D:5      | Reached skill level 5 in Fighting
  3802 | D:5      | Found a snail-covered altar of Cheibriados.
  3896 | D:5      | Reached skill level 7 in Long Blades
  4000 | D:5      | Identified the ring of Isiaduob {rN+ Int+5}
  4410 | D:5      | Found a stormy altar of Qazlal.
  4464 | D:5      | Found a sacrificial altar of Ru.
  4530 | D:5      | Reached skill level 8 in Long Blades
  4530 | D:5      | Reached XP level 8. HP: 69/69 MP: 7/7
  5023 | D:6      | Reached skill level 1 in Stealth
  5023 | D:6      | Reached skill level 5 in Shields
  5112 | D:6      | Noticed Pikel
  5141 | D:6      | Killed Pikel
  5142 | D:6      | Reached skill level 9 in Long Blades
  5216 | D:6      | Reached skill level 10 in Long Blades
  5222 | D:6      | Reached XP level 9. HP: 44/78 MP: 8/8
  5316 | D:6      | Found an iron altar of Okawaru.
  5320 | D:6      | Became a worshipper of Warmaster Okawaru
  5370 | D:6      | Found a staircase to the Ecumenical Temple.
  5565 | D:6      | Identified the +9 flail of Kismet {heavy, Int+3}
  5616 | D:6      | Noticed Maggie
  5623 | D:6      | Killed Maggie
  6079 | D:7      | Reached skill level 11 in Long Blades
  6090 | D:7      | Reached * piety under Okawaru
  6095 | D:7      | Identified a scroll of acquirement
  6731 | D:7      | Reached ** piety under Okawaru
  6894 | D:7      | Reached skill level 12 in Long Blades
  6909 | D:7      | Reached XP level 10. HP: 82/86 MP: 9/9
  6938 | D:7      | Slain by a shadow

Illustrated notes

Levels and vault maps discovered:
D:1:      eino_arrival_cavern_e, layout_loops_corners, minivault_4,
          minmay_misc_feat_diagonals
D:2:      layout_basic, serial_shops, nicolae_shop_back_alley_shop
D:3:      layout_loops_ring, shapermc_ecumenical_altar_flowoftime, serial_shops,
          nicolae_shop_statue_plus, nrook_uturn
D:4:      layout_loops_corners, nicolae_vehumet_radiance, uniq_blork_the_orc
D:5:      kennysheep_six_static_rooms, layout_basic, slow_altar_1,
          marbit_many_paths, lemuel_round_altar, chequers_arboretum
D:6:      layout_basic, okawaru_trees_2, minmay_temple_entry_proselytizer,
          minmay_pentangle, uniq_pikel, uniq_maggie
D:7:      nzn_winding_woodlands_stair_cross
          [nzn_winding_woodlands_5x15_sidewinder,
          nzn_winding_woodlands_center_lodge, nzn_winding_woodlands_5x15_garden,
          nzn_winding_woodlands_5x5_perimeter, nzn_winding_woodlands_5x5_three,
          nzn_winding_woodlands_5x15_default,
          nzn_winding_woodlands_center_garden,
          nzn_winding_woodlands_5x15_concentric], layout_basic,
          dk_noncrumbling_4, minmay_misc_feat_secret_circle

Skill      XL: |  1  2  3  4  5  6  7  8  9 |
---------------+----------------------------+-----
Shields        | 4 5 |  5.7
Fighting       | 4 5 6 7 |  7.5
Armour         | 4 5 6 7 9 |  9.2
Long Blades    | 3 4 5 6 8 10 12 | 12.2
Dodging        | 1 2 3 |  3.3
Stealth        | 1 |  1.3
Evocations     | |  0.6

Action                     |  1- 3 |  4- 6 |  7- 9 | 10-12 || total
---------------------------+-------+-------+-------+-------++-------
  Melee: Long sword        |   101 |   126 |   174 |       ||   401
         Headbutt          |    11 |    27 |    50 |     2 ||    90
         Scimitar          |       |       |    83 |    21 ||   104
         Flail             |       |       |     3 |       ||     3
  Evoke: Wand              |       |       |     3 |       ||     3
    Use: Potion            |     2 |       |     1 |       ||     3
         Scroll            |       |     3 |     8 |       ||    11
 Armour: Chain mail        |    59 |    50 |   115 |     6 ||   230
         Scale mail        |     1 |       |       |       ||     1
  Dodge: Dodged            |    48 |    40 |    77 |     6 ||   171
  Block: Buckler           |    18 |    21 |    46 |     4 ||    89
